 Dungeon Crawl Stone Soup version 0.31-a0-1206-g41278d8d1d (webtiles) character file.

Game seed: 13868943641881348032

65422 drugrobin the Bludgeoner (level 14, -2/127 HPs)
             Began as a Demigod Delver on Dec 14, 2023.
             Killed from afar by an ogre mage (29 damage)
             ... with a bolt of magma
             ... on level 1 of the Orcish Mines.
             The game lasted 01:15:26 (27898 turns).

drugrobin the Bludgeoner (Demigod Delver)          Turns: 27898, Time: 01:15:27

Health: -2/127     AC: 18    Str: 25    XL:     14   Next: 36%
Magic:  30/30      EV: 10    Int: 23    God:
Gold:   1208       SH:  5    Dex: 24    Spells: 24/29 levels left

rFire   . . .        a - +0 morningstar (drain)
rCold   + . .        L - +0 buckler
rNeg    . . .        K - +6 scale mail of Beauty {Int+4}
rPois   .            u - +2 hat {Int+3}
rElec   .            I - +0 cloak {rF+}
rCorr   .            P - +1 pair of gloves {Dex+3}
SInv    .            l - +0 pair of boots
Will    +....        d - amulet of regeneration
Stlth   ++           j - ring of ice
HPRegen 1.21/turn    w - +6 ring of dexterity
MPRegen 0.22/turn

%: no passive effects
@: studying Short Blades
A: high MP 1, forlorn, divine attributes
a: no special abilities


You were on level 1 of the Orcish Mines.
You visited 3 branches of the dungeon, and saw 18 of its levels.
You also visited: Volcano.

You collected 1602 gold pieces.
You spent 394 gold pieces at shops.

Inventory:

Hand Weapons
 a - a +0 morningstar of draining (weapon)
 b - a +2 flail of protection
 c - a +3 flail of freezing
 e - a +1 hand axe of flaming
 C - the +8 trident of the Octopus King {venom, rElec rPois}
   (You found it on level 5 of the Lair of Beasts)

   rElec:     It insulates you from electricity.
   rPois:     It protects you from poison
Missiles
 z - 29 boomerangs (quivered)
 T - 18 poisoned darts
 X - a curare-tipped dart
Armour
 l - a +0 pair of boots (worn)
 u - a +2 hat of intelligence (worn)
 I - a +0 cloak of fire resistance (worn)
 J - a +2 chain mail of fire resistance
 K - the +6 scale mail of Beauty (worn) {Int+4}
   (You found it on level 5 of the Lair of Beasts)

   Int+4:     It affects your intelligence (+4).
 L - a +0 buckler (worn)
 P - a +1 pair of gloves of dexterity (worn)
 S - a +0 chain mail of cold resistance
Jewellery
 d - an amulet of regeneration (around neck)
 j - a ring of ice (left hand)
 k - a ring of protection from fire
 w - a +6 ring of dexterity (right hand)
 M - a ring of resist corrosion
Wands
 g - a wand of digging (7)
 A - a wand of light (5)
 G - a wand of polymorph (7)
 H - a wand of charming (8)
 N - a wand of roots (9)
 W - a wand of flame (9)
Scrolls
 i - 2 scrolls of enchant weapon
 m - 2 scrolls of poison
 o - 12 scrolls of teleportation
 v - 3 scrolls of immolation
 y - 6 scrolls of fog
 D - 4 scrolls of blinking
 Q - a scroll of vulnerability
 V - 5 scrolls of fear
 Y - 2 scrolls of revelation
Potions
 f - 5 potions of haste
 h - a potion of berserk rage
 n - 7 potions of curing
 p - 4 potions of heal wounds
 r - 9 potions of ambrosia
 t - 4 potions of enlightenment
 x - 3 potions of lignification
 E - a potion of invisibility {unknown}
 R - 2 potions of cancellation
 U - 2 potions of might


   Skills:
 + Level 12.7 Fighting
 - Level 16.0 Maces & Flails
 - Level 1.7 Dodging
 - Level 4.5 Stealth
 - Level 8.0 Spellcasting
 + Level 10.0 Air Magic
 - Level 4.0 Evocations


You had 24 spell levels left.
You knew the following spells:

 Your Spells              Type           Power      Damage    Failure   Level
a - Foxfire               Conj/Fire      36%        2x1d5     22%         1
b - Vhi's Electric Charg  Tloc/Air       64%        N/A       26%         4

Your spell library contained the following spells:

 Spells                   Type           Power      Damage    Failure   Level
 Kiss of Death            Conj/Necr      36%        2d8       22%         1
 Sandblast                Erth           18%        2d7       22%         1
 Lesser Beckoning         Tloc           18%        N/A       32%         2
 Passwall                 Tmut/Erth      7%         N/A       32%         2
 Sublimation of Blood     Necr           9%         N/A       32%         2
 Confusing Touch          Hex            9%         N/A       54%         3
 Gell's Gravitas          Tloc           9%         N/A       54%         3
 Inner Flame              Hex/Fire       9%         N/A       54%         3
 Stone Arrow              Conj/Erth      18%        3d8       54%         3
 Teleport Other           Tloc           9%         N/A       54%         3
 Tukima's Dance           Hex            9%         N/A       54%         3
 Arcjolt                  Conj/Air       16%        1d26      58%         5
 Silence                  Hex/Air        16%        N/A       58%         5
 Brom's Barrelling Bould  Conj/Erth      9%         2d3       91%         4
 Dispel Undead            Necr           9%         3d8       91%         4
 Flame Wave               Conj/Fire      9%         2d6       91%         4
 Passage of Golubria      Tloc           9%         N/A       91%         4
 Petrify                  Tmut/Erth      9%         N/A       91%         4
 Sticky Flame             Conj/Fire      9%         2d3       91%         4
 Irradiate                Conj/Tmut      4%         3d13      99%         5
 Yara's Violent Unravell  Hex/Tmut       4%         3d4       99%         5
 Plasma Beam              Fire/Air       16%        2x1d27    99%         6
 Starburst                Conj/Fire      4%         6d4       100%        6
 Lehudib's Crystal Spear  Conj/Erth      4%         10d3      100%        8
 Maxwell's Capacitive Co  Air            26%        ∞         100%        8


Dungeon Overview and Level Annotations

Branches:
Dungeon (12/15)            Temple (0/1) D:6            Lair (5/5) D:9
  Swamp (0/4) Lair:3        Snake (0/4) Lair:3        Slime (0/5) Lair:4
    Orc (1/2) D:10        Volcano (visited)

Shops:
D:4 *   D:9 (

Annotations:
D:7 1 runed translucent door, MrSquiggles's ghost, novice MiFi
Lair:3 2 transporters, ShellytheWitch's ghost, journeyman KoBr


Innate Abilities, Weirdness & Mutations

You have an increased reservoir of magic. (+10% MP)
You shall have no god before yourself.
Your divine heritage dramatically boosts your attributes as you level up.


Message History

Unknown command.
Unknown command.
Something completely misses you.
Items here: )))) [ ††.
Unknown command.
Unknown command.
Unknown command.
You hit something.
Unknown command.
You hit something. Something hits you.
Unknown command.
You puncture something!
Unknown command.
You barely miss something. Something hits you.
Unknown command.
You bludgeon something!! You closely miss something.
Something hits you but does no damage.
You closely miss something. You closely miss something. Something hits you!
Unknown command.
Unknown command.
You barely miss something.
Unknown command.
Unknown command.
You hit something.
The cyclops throws a large rock.
The large rock hits you!!
* * * LOW HITPOINT WARNING * * *
Something hits you.
* * * LOW HITPOINT WARNING * * *
Unknown command.
Unknown command.
Unknown command. 2 cyclopes come into view.
The cyclops shouts! x2
Unknown command.
Unknown command.
Unknown command.
You hear some strange, mumbled words.
A bolt of magma appears from out of thin air!
The bolt of magma hits you!!
You die...

....##.....###O..............#.#
~...###.#.###.....##..........
≈≈...# #### ##.....##.##......
≈~...# #...#.##### #... ≈≈~..#
### ##.#...# .. ≈≈~..# #.###
###...# ≈~~..###...###.##h##
##...##.....#...#{##
#≈~..#....#...#@.>#
$#≈~..#...#(.C.#...####
hh≈~.....(.(C..)......####
.h≈~.....................##
.'≈~......................#
.#≈~........C.......)....##
.#≈~..................####
##.≈..^.(....>.....####
≈~≈.....(##.#........##


You could see a cyclops and a wolf.

Vanquished Creatures
  Gastronok (D:10)
  A dire elephant (Lair:2)
  An eleionoma (Lair:2)
  Josephine (Orc:1)
  An ettin (Orc:1)
  2 hydras
  A catoblepas (Lair:2)
  An ogre mage (Orc:1)
  A boulder beetle (D:12)
  4 two-headed ogres
  A merfolk avatar (Lair:5)
  6 death yaks
  A hell knight (Volcano)
  A salamander mystic (Volcano)
  4 skysharks
  A sea snake (Lair:5)
  A harpy (Lair:5)
  An oklob plant (Lair:4)
  5 salamanders (Volcano)
  A manticore (Lair:5)
  10 cyclopes
  4 black mambas
  12 elephants
  2 kobold blastminers (Orc:1)
  2 gargoyles
  2 torpor snails
  A kobold demonologist (D:11)
  11 cane toads
  9 komodo dragons
  8 rime drakes
  3 trolls
  3 hornets (Lair:5)
  Grinder (D:4)
  2 polar bears
  A wind drake (Lair:5)
  9 blink frogs
  5 dream sheep (Lair:5)
  3 slime creatures
  4 wyverns
  6 wraiths (D:10)
  58 yaks
  A shadow (D:9)
  Eustachio (D:4)
  3 basilisks
  5 steam dragons
  4 wargs (Orc:1)
  A naga (Lair:3)
  An acid dragon (D:11)
  Duvessa (D:4)
  13 water moccasins
  2 hell hounds (Lair:5)
  An ice beast (D:6)
  13 orc warriors
  A sky beast (D:8)
  8 ogres
  5 black bears
  8 wolves
  A boggart (D:3)
  8 centaurs
  A phantom (D:6)
  A kobold brigand (D:8)
  4 gnoll sergeants
  7 bullfrogs
  4 wights
  Dowan (D:4)
  23 killer bees
  5 howler monkeys
  An electric eel (Lair:5)
  10 orc priests
  5 hounds
  2 jellies
  A gnoll bouda (D:7)
  An iguana (D:6)
  16 orc wizards
  22 gnolls
  4 adders
  A river rat (D:4)
  2 white imps (D:6)
  A dart slug (D:4)
  57 orcs
  2 endoplasms
  3 giant cockroaches (D:2)
  A goblin (D:3)
  3 hobgoblins
  A jackal (D:2)
  7 kobolds
  4 quokkas
  10 ball pythons
  10 bats
  3 frilled lizards
  3 rats
485 creatures vanquished.

Vanquished Creatures (collateral kills)
  A skyshark (Lair:5)
  A queen bee (D:10)
  A hornet (Lair:5)
  4 killer bees
  An orc priest (D:5)
  An orc (D:5)
  2 butterflies (Lair:5)
11 creatures vanquished.

Vanquished Creatures (others)
  An orc warrior (D:10)
  A centaur (D:6)
  7 killer bees
  5 foxfires (D:4)
14 creatures vanquished.

Grand Total: 510 creatures vanquished

Notes
Turn   | Place    | Note
-------+----------+-------------------------------------------
     0 | D:5      | drugrobin the Demigod Delver began the quest for the Orb.
     0 | D:5      | Reached XP level 1. HP: 18/18 MP: 3/3
    49 | D:5      | Noticed a hound
    62 | D:5      | Noticed a howler monkey
    99 | D:4      | Noticed Eustachio
   104 | D:4      | Killed Eustachio
   105 | D:4      | Reached skill level 3 in Maces & Flails
   105 | D:4      | Reached XP level 2. HP: 25/25 MP: 4/4
   105 | D:4      | Reached XP level 3. HP: 30/30 MP: 5/5
   105 | D:4      | Reached XP level 4. HP: 37/37 MP: 6/6
  1360 | D:2      | Reached XP level 5. HP: 38/42 MP: 7/7
  1795 | D:3      | Noticed Ijyb
  2637 | D:4      | Reached skill level 4 in Maces & Flails
  2814 | D:4      | Found Malo's General Store.
  2823 | D:4      | Bought a scroll of teleportation for 36 gold pieces
  2823 | D:4      | Bought a scroll of enchant weapon for 90 gold pieces
  2823 | D:4      | Bought a potion of haste for 120 gold pieces
  2984 | D:4      | Noticed Sigmund
  3021 | D:4      | Learned a level 1 spell: Foxfire
  3179 | D:4      | Noticed Grinder
  3402 | D:5      | Noticed Duvessa
  3402 | D:5      | Noticed Dowan
  3408 | D:4      | Killed Duvessa
  3409 | D:4      | Reached XP level 6. HP: 33/50 MP: 8/8
  3410 | D:4      | Killed Dowan
  3522 | D:5      | Identified the +1 short sword "Atrag" {chaos, rN++ Will-
                  | Int+2}
  3559 | D:5      | Reached skill level 5 in Maces & Flails
  4092 | D:5      | Reached XP level 7. HP: 57/57 MP: 9/9
  4688 | D:6      | Reached skill level 6 in Maces & Flails
  4877 | D:6      | Found a staircase to the Ecumenical Temple.
  5342 | D:6      | Reached skill level 5 in Fighting
  5354 | D:6      | Reached skill level 7 in Maces & Flails
  5354 | D:6      | Reached XP level 8. HP: 39/68 MP: 10/10
  5934 | D:3      | Ijyb changed into Ijyb the boggart
  5934 | D:3      | Noticed Ijyb
  5938 | D:3      | Killed Ijyb the boggart
  5983 | D:4      | Killed Grinder
  6045 | D:4      | Sigmund changed into Sigmund the river rat
  6045 | D:4      | Noticed Sigmund
  6054 | D:4      | Killed Sigmund the river rat
  6137 | D:6      | Reached skill level 8 in Maces & Flails
  6344 | D:7      | Identified the +1 robe of the Cricket {rC+ Int+3}
  6711 | D:7      | Found a runed translucent door.
  6779 | D:7      | Reached skill level 9 in Maces & Flails
  6967 | D:7      | Reached XP level 9. HP: 71/75 MP: 11/11
  6979 | D:7      | Noticed MrSquiggles's ghost (novice MiFi)
  7266 | D:8      | Noticed a gargoyle
  7645 | D:8      | Killed a gargoyle
  7646 | D:8      | Reached skill level 10 in Maces & Flails
  8260 | D:9      | Reached skill level 1 in Spellcasting
  8386 | D:9      | Reached skill level 11 in Maces & Flails
  8580 | D:9      | Found a staircase to the Lair.
  8916 | D:9      | Noticed a two-headed ogre
  8959 | D:9      | Killed a two-headed ogre
  8960 | D:9      | Reached XP level 10. HP: 19/83 MP: 16/18
  9165 | D:9      | Noticed a two-headed ogre
  9224 | D:9      | Killed a two-headed ogre
  9925 | D:9      | Found Umydicw's Hydra Hut.
  9929 | D:9      | Noticed a six-headed hydra
  9934 | D:9      | Bought a +1 hand axe of flaming for 148 gold pieces
 10010 | D:10     | Entered Level 10 of the Dungeon
 10024 | D:9      | Reached skill level 12 in Maces & Flails
 10024 | D:9      | Reached skill level 5 in Spellcasting
 10591 | D:10     | Noticed Gastronok
 10649 | D:10     | Killed Gastronok
 11054 | D:10     | Noticed a cyclops
 11175 | D:10     | Killed a cyclops
 11365 | D:10     | Reached XP level 11. HP: 78/91 MP: 24/24
 11547 | D:10     | Found a staircase to the Orcish Mines.
 12889 | D:11     | Noticed a two-headed ogre
 12905 | D:11     | Killed a two-headed ogre
 12906 | D:11     | Reached skill level 13 in Maces & Flails
 13544 | D:11     | Noticed a two-headed ogre
 13555 | D:11     | Killed a two-headed ogre
 14022 | D:12     | HP: 3/93 [gargoyle/+0 mace (4)]
 15008 | D:12     | Learned a level 4 spell: Vhi's Electric Charge
 15270 | D:11     | Reached skill level 1 in Air Magic
 15473 | D:12     | Noticed a boulder beetle
 15486 | D:12     | Killed a boulder beetle
 15709 | Lair:1   | Entered Level 1 of the Lair of Beasts
 16236 | Lair:1   | Reached XP level 12. HP: 75/103 MP: 28/28
 17323 | Lair:1   | Identified the +0 pair of gloves of Duck's Teeth {Rampage
                  | +Inv rN++ Int-4}
 18176 | Lair:1   | Reached skill level 14 in Maces & Flails
 18856 | Lair:2   | Noticed a catoblepas
 18904 | Lair:2   | Killed a catoblepas
 18905 | Lair:2   | Reached skill level 5 in Air Magic
 19712 | Lair:2   | Noticed a dire elephant
 19751 | Lair:2   | Killed a dire elephant
 19845 | Lair:2   | Reached skill level 10 in Fighting
 20361 | Lair:3   | Found a staircase to the Snake Pit.
 20593 | Lair:3   | Found a transporter.
 20598 | Lair:3   | Noticed a seven-headed hydra
 20600 | Lair:3   | Noticed ShellytheWitch's ghost (journeyman KoBr)
 20779 | Lair:3   | Found a transporter.
 20856 | Lair:3   | Noticed an eleionoma
 20875 | Lair:2   | Killed an eleionoma
 21007 | Lair:2   | Reached XP level 13. HP: 100/114 MP: 29/29
 21050 | Lair:3   | Found a staircase to the Swamp.
 22648 | Lair:4   | Found a staircase to the Slime Pits.
 22738 | Lair:4   | Reached skill level 15 in Maces & Flails
 22948 | Lair:5   | Entered Level 5 of the Lair of Beasts
 23450 | Lair:5   | Found a dark tunnel.
 23458 | Volcano  | Entered a volcano
 25726 | Lair:5   | Reached XP level 14. HP: 125/126 MP: 30/30
 26102 | Lair:5   | Found the +8 trident of the Octopus King {venom, rElec
                  | rPois}
 26116 | Lair:5   | Identified the +6 scale mail of Beauty {Int+4}
 26959 | Orc:1    | Entered Level 1 of the Orcish Mines
 26959 | Orc:1    | Noticed Josephine
 26969 | Orc:1    | Killed Josephine
 27056 | Orc:1    | Reached skill level 16 in Maces & Flails
 27875 | Orc:1    | Reached skill level 10 in Air Magic
 27898 | Orc:1    | Killed from afar by an ogre mage

Illustrated notes

Levels and vault maps discovered:
D:1:      minmay_arrival_wavy_path, layout_basic, shapermc_ecumenical_altar_gd,
          minmay_surrounded
D:2:      minmay_door_path, layout_rooms, kennysheep_cluttered_room,
          minmay_hedge_maze, minmay_misc_feat_more_columns
D:3:      layout_loops_ring, elyvilon_altar_4, lemuel_tele_altar,
          brannock_xom_greatest_gift, kennysheep_pointless_box, uniq_ijyb
D:4:      layout_loops_ring, nemelex_xobeh_ov_fountains_minmay, serial_shops,
          shop, saegor_snake_ambush, uniq_eustachio, uniq_grinder, uniq_sigmund
D:5:      layout_cave_pools, nicolae_gozag_seed_capital,
          mainiacjoe_overflow_alcove_2, minmay_gold_behind_fungi,
          nicolae_nh_ransacked_shop, uniq_duvessa
D:6:      kennysheep_six_static_rooms, layout_basic,
          mainiacjoe_overflow_cross_hatched,
          mainiacjoe_overflow_surrounded_room, minmay_temple_entry_junction,
          minmay_manual_mares
D:7:      layout_basic, lemuel_doored_altar,
          grunt_temple_overflow_growth_and_decay,
          hellmonk_ghost_happy_afterlife, minmay_misc_feat_columns,
          uniq_crazy_yiuf_cottage
D:8:      layout_rooms, mainiacjoe_overflow_small_starburst,
          nzn_wu_jian_council_hall
D:9:      layout_rooms, lair_entry_dummy, chequers_mini_garden,
          doesnt_shop_hydraphobe
D:10:     layout_roguey [special_room_bee], erik_orc_3, uniq_gastronok
D:11:     layout_loops_ring
D:12:     layout_roguey [special_room_orc], serial_bayou_crossing
Lair:1:   layout_layer_cave, lemuel_centaur_altar, lemuel_fruit_tree,
          infiniplex_staircase_pool_2
Lair:2:   layout_roguey, nicolae_lair_grazing_beasts
          [nicolae_sub_lair_graze_edge, nicolae_sub_lair_graze_edge,
          nicolae_sub_lair_graze_edge, nicolae_sub_lair_graze_edge]
Lair:3:   layout_hall_layers, alex1729_swamp_entry_worm_eleionoma,
          minmay_snake_entry_guardpost_small, gammafunk_ghost_arena,
          grunt_megastairs_5
Lair:4:   layout_gridlike, dpeg_slime_entry_enclosed, serial_forest,
          infiniplex_forest_lined_room_2, infiniplex_forest_lined_room_2,
          infiniplex_forest_straight_1, infiniplex_forest_lined_2,
          infiniplex_forest_lined_4_way, minmay_lair_oklob_items,
          dreamdust_mushroom_princess
Lair:5:   gammafunk_lair_ancient_temple, layout_regular_city, enter_volcano_3,
          pdpol_lair_cavern_descent, lemuel_fruit_fields
Orc:1:    giant_chief_lemuel, layout_caves, serial_shops, basic_altar,
          uniq_josephine

Skill      XL: |  1  2  3  4  5  6  7  8  9 10 11 12 13 14 |
---------------+-------------------------------------------+-----
Maces & Flails | 3 4 5 7 9 11 12 13 14 15 16 | 16.0
Evocations     | 2 3 4 |  4.0
Fighting       | 3 5 6 8 10 12 | 12.7
Spellcasting   | 3 6 8 |  8.0
Air Magic      | 2 6 8 10 | 10.0
Dodging        | |  1.7
Stealth        | |  4.5

Action                     |  1- 3 |  4- 6 |  7- 9 | 10-12 | 13-15 || total
---------------------------+-------+-------+-------+-------+-------++-------
  Melee: Mace              |     4 |     3 |       |       |       ||     7
         Flail             |       |   145 |   374 |   944 |   171 ||  1634
         Punch             |       |       |     6 |     6 |       ||    12
         Morningstar       |       |       |     4 |    62 |   578 ||   644
         Short sword       |       |       |       |    84 |       ||    84
         Hand axe          |       |       |       |       |    21 ||    21
  Throw: Dart              |       |     7 |    14 |    31 |     8 ||    60
         Boomerang         |       |    13 |    27 |    30 |    29 ||    99
   Cast: Foxfire           |       |     3 |       |       |       ||     3
  Evoke: Wand              |     3 |     5 |     8 |    19 |    17 ||    52
    Use: Scroll            |       |       |       |    19 |     3 ||    22
         Potion            |       |       |       |     2 |     1 ||     3
   Stab: Sleeping          |       |    15 |       |       |     1 ||    16
         Confused          |       |       |     2 |       |       ||     2
         Distracted        |       |       |       |       |     2 ||     2
         Paralysed         |       |       |       |       |     2 ||     2
 Armour: Leather armour    |       |    52 |       |       |       ||    52
         Robe              |       |    38 |    17 |       |       ||    55
         Plate armour      |       |       |   397 |   864 |   206 ||  1467
         Chain mail        |       |       |       |       |   152 ||   152
         Scale mail        |       |       |       |       |   182 ||   182
  Dodge: Dodged            |       |   115 |   137 |   256 |   217 ||   725
  Block: Buckler           |       |       |       |   193 |   250 ||   443

Table legend: (Time is in decaauts)
 A = Elapsed time spent in this place.
 B = Non-inter-level travel time spent in this place.
 C = Inter-level travel time spent in this place.
 D = Time resting spent in this place.
 E = Time spent auto-exploring this place.
 F = Levels seen in this place.
 G = Mean time per level.
                   A        B        C        D        E       F      G
               +--------+--------+--------+--------+--------+-----+--------+
         Total |  27724 |  26760 |    964 |   5464 |  14462 |  19 | 1459.2 |
       Dungeon |  15857 |  15207 |    650 |   3118 |   8304 |  12 | 1321.4 |
          Lair |   9932 |   9621 |    311 |   1900 |   5356 |   5 | 1986.4 |
  Orcish Mines |    855 |    853 |      2 |     21 |    368 |   1 |  855.0 |
       Volcano |   1079 |   1079 |      0 |    423 |    434 |   1 | 1079.0 |
               +--------+--------+--------+--------+--------+-----+--------+

Top non-repeatable levels by time:
  Lair:1: 2690 daAuts
    D:10: 2473 daAuts
  Lair:5: 2425 daAuts
  Lair:2: 1974 daAuts
     D:9: 1914 daAuts
  Lair:4: 1623 daAuts
    D:11: 1496 daAuts
     D:6: 1439 daAuts
    D:12: 1338 daAuts
     D:8: 1289 daAuts
  Lair:3: 1219 daAuts
     D:5: 1110 daAuts
     D:4: 1093 daAuts
 Volcano: 1079 daAuts
     D:3: 1028 daAuts
